[Event "Kwalificatie NJK A Groningen"]
[Site "Hoogkerk, Netherlands"]
[Date "2023.02.18"]
[Round "3.10"]
[White "Jovanovic, Luka"]
[Black "Aarts, Joaquin"]
[Result "1/2-1/2"]
[TimeControl "55 min. + 10 sec./zet"]
[WhiteElo "1593"]
[BlackElo "1804"]

1. d4 Nf6 2. c4 e6 3. Nf3 d5 4. cxd5 exd5 5. Nc3 c6 6.
Bg5 Be7 7. e3 Bf5 8. Bd3 Bxd3 9. Qxd3 Nbd7 10. O-O h6 11. Bh4 O-O 12. Rac1 Ne4 13. Nxe4 Bxh4 14. Nxh4 Qxh4 15. Nc5 Nxc5 16.
Rxc5 f5 17. g3 Qf6 18. Rfc1 g5 19. b4 a6 20. a4 f4 21. exf4 gxf4 22. b5 axb5 23. axb5 fxg3 24. fxg3 Ra2 25.
Rf1 1/2-1/2

[Event "Kwalificatie NJK A Groningen"]
[Site "Hoogkerk, Netherlands"]
[Date "2023.02.18"]
[Round "3.11"]
[White "Goudriaan, Rafael"]
[Black "Pijls, Coun"]
[Result "1-0"]
[TimeControl "55 min. + 10 sec./zet"]
[WhiteElo "1882"]
[BlackElo "1651"]

1. e4 e5 2. Nf3 Nf6 3. d4 Nxe4 4. Bd3 Nc6 5. Nxe5 Nf6 6. Nf3 d5 7. O-O Be7 8. c3 O-O 9. Qc2 h6 10.
h3 Bd6 11. Be3 Re8 12. Nbd2 Be6 13. b4 a6 14. Nb3 Nh5 15. Qd2 Qf6 16. Nc5 b6 17. Nxe6 fxe6 18. b5 Na5 19. bxa6 c5 20.
Bb5 Rf8 21. Nh2 Nf4 22. Ng4 Qh4 23. Bxf4 Rxf4 24. Qe2 Re4 25. Qd1 h5 26. Nh2 g5 27. Bd3 Rf4 28. Nf3 Rxf3 29. Qxf3 Rf8 30.
Qe3 Rf6 31. a7 g4 32. a8=Q+ Kg7 33. g3 1-0

[Event "Kwalificatie NJK A Groningen"]
[Site "Hoogkerk, Netherlands"]
[Date "2023.02.18"]
[Round "4.1"]
[White "Moskalets, Sofia"]
[Black "Slagboom, Leandro"]
[Result "1-0"]
[TimeControl "55 min. + 10 sec./zet"]
[WhiteElo "1675"]
[BlackElo "2201"]

1. e4 e5 2. Nc3 Nc6 3. g3 Bc5 4.
Bg2 a5 5. d3 d6 6. Nge2 Nge7 7. O-O O-O 8. Kh1 Be6 9. f4 f5 10. Nd5 Bxd5 11. exd5 Nd4 12. c3 Nxe2 13. Qxe2 Ng6 14.
fxe5 dxe5 15. Bd2 Qd7 16. Rae1 Qa4 17. a3 Qb3 18. Bg5 h6 19. Bc1 Ra6 20. Qd1 Qxd1 21. Rxd1 a4 22. d4 exd4 23.
cxd4 Bd6 24. Bd2 Rb6 25. Bc3 Ne7 26. Rfe1 Kf7 27. Rd2 Ke8 28. Bf1 f4 29. gxf4 Bxf4 30. Rde2 Rf7 31. Re6 Bd6 32.
Bc4 Rf2 33. R6e2 Rxe2 34. Rxe2 Bf4 35. Bb4 Bg5 36. Ba5 Rf6 37. Bxc7 Kd7 38. Be5 Rf5 39. Bb5+ Kd8 40. d6 Ng6 41. Bf6+ 1-0

[Event "Kwalificatie NJK A Groningen"]
[Site "Hoogkerk, Netherlands"]
[Date "2023.02.18"]
[Round "4.2"]
[White "Van Kuijk, Vadim"]
[Black "Knol, DaniÃ«l"]
[Result "1/2-1/2"]
[TimeControl "55 min. + 10 sec./zet"]
[WhiteElo "2023"]
[BlackElo "1807"]

1. e4 c5 2. Nf3 e6 3. d4 cxd4 4. Nxd4 Nf6 5. Nc3 Nc6 6. Ndb5 Bc5 7. Bf4 O-O 8. Bc7 Qe7 9. Bd6 Bxd6 10.
Qxd6 Ne8 11. Qxe7 Nxe7 12. O-O-O a6 13. Nd6 Nxd6 14. Rxd6 b5 15. Be2 f5 16. Bf3 Ra7 17. Rhd1 Rc7 18.
a3 fxe4 19. Nxe4 Nf5 20. Rb6 Nh4 21. Nd6 Nxf3 22. gxf3 Rxf3 23. Rb8 Rf8 24. Rxc8 Rfxc8 25. Nxc8 Rxc8 26. Rxd7 Rf8 27. Rd2 Kf7 28.
Kd1 Ke7 29. Ke2 e5 30. b3 Rc8 31. Ke3 Ke6 32. Ke4 1/2-1/2

[Event "Kwalificatie NJK A Groningen"]
[Site "Hoogkerk, Netherlands"]
[Date "2023.02.18"]
[Round "4.3"]
[White "Wierenga, JaÃ«l"]
[Black "Goudriaan, Rafael"]
[Result "1-0"]
[TimeControl "55 min. + 10 sec./zet"]
[WhiteElo "1879"]
[BlackElo "1882"]

1. d4 Nf6 2. c4 g6 3. Nc3 Bg7 4.
e4 d6 5.
f3 O-O 6. Be3 e5 7. Nge2 c6 8. Qd2 Qc7 9. g4 a6 10. Ng3 b5 11. Be2 Nbd7 12. d5 cxd5 13. Nxd5 Nxd5 14. cxd5 Qd8 15.
h4 Nb6 16. Rc1 f5 17. gxf5 gxf5 18. Bg5 Bf6 19. Nh5 Bxg5 20. hxg5 f4 21. Nf6+ Rxf6 22. gxf6 Qxf6 23. Kf2 Bd7 24.
Rc7 Rc8 25. Qc1 Qd8 26. Qg1+ Kh8 27. Qh2 Qe7 28. Rxc8+ Nxc8 29. Bf1 Be8 30. Qh6 Qg7 31. Qxg7+ Kxg7 32. Bh3 Nb6 33. Bf5 h6 34. Rg1+ Kf8 35.
b3 Nd7 36. Bxd7 Bxd7 37. Rg6 Ke7 38. Rxh6 Bc8 39. Ke2 Kd7 40. Kd2 Kc7 41. Kc3 a5 42. Rh7+ Bd7 43. a4 bxa4 44. bxa4 Kc8 45.
Rxd7 1-0

[Event "Kwalificatie NJK A Groningen"]
[Site "Hoogkerk, Netherlands"]
[Date "2023.02.18"]
[Round "4.4"]
[White "Van Den Berg, Mees"]
[Black "Alvares, Thomas"]
[Result "0-1"]
[TimeControl "55 min. + 10 sec./zet"]
[WhiteElo "1702"]
[BlackElo "1855"]

1. Nf3 Nf6 2. c4 e6 3. g3 d5 4. d4 dxc4 5. Bg2 c5 6.
O-O Nc6 7. dxc5 Qxd1 8. Rxd1 Bxc5 9. Nbd2 O-O 10. Nxc4 Nd5 11. a3 b5 12. Nce5 Nxe5 13.
Nxe5 Bb7 14. Nd7 Rfc8 15. e4 Nf6 16. Nxf6+ gxf6 17. b4 Bb6 18. Rd7 Rc7 19. Rxc7 Bxc7 20. Be3 a6 21. Rc1 Bd8 22.
Rd1 Kf8 23. Rd7 Bc6 24. Rd6 Rc8 25. e5 Bxg2 26. Kxg2 Ra8 27. f4 fxe5 28. fxe5 Bc7 29. Rd7 Bxe5 30. Bc5+ Kg7 31. Rd2 Kg6 32.
Kf3 f5 33. Re2 Kf6 34. Be7+ Kxe7 35. Rxe5 Rc8 36. Re3 Rc4 37. Rd3 e5 38. Re3 Ke6 39. h3 h5 40. Ke2 e4 41. Kd2 Ke5 42. Re2 Rd4+ 43. Ke3 Rd3+ 44. Kf2 Rf3+ 45. Kg2 Rxa3 46. Rc2 Rd3 47.
Rc5+ Rd5 48. Rc6 Rd6 49. Rc5+ Ke6 50. Kf2 Rd2+ 51. Ke3 Rd3+ 52. Kf2 Rd4 53. Rc6+ Ke5 54. Rc5+ Kf6 55. Rc6+ Kg5 56.
Kg2 Rd2+ 57. Kg1 Rb2 58. Rxa6 Rxb4 59. Kg2 Rb2+ 60. Kg1 b4 61. Rb6 h4 62. gxh4+ Kxh4 63. Rh6+ Kg3 64. Kf1 e3 65. Rf6 f4 66.
h4 Rf2+ 67. Ke1 Kxh4 68. Rb6 Rb2 69. Re6 Kg3 70. Rg6+ Kf3 71. Kd1 e2+ 0-1

[Event "Kwalificatie NJK A Groningen"]
[Site "Hoogkerk, Netherlands"]
[Date "2023.02.18"]
[Round "4.5"]
[White "Den Heijer, Rolinde"]
[Black "Jacobs, Yanick"]
[Result "1/2-1/2"]
[TimeControl "55 min. + 10 sec./zet"]
[WhiteElo "1831"]
[BlackElo "1652"]

1. e4 e5 2. Nf3 Nf6 3. Nxe5 d6 4. Nf3 Nxe4 5. d4 d5 6. Bd3 Nc6 7. O-O Be7 8. Re1 Bg4 9. Bxe4 dxe4 10.
Rxe4 Bxf3 11. Qxf3 Nxd4 12. Qc3 Ne6 13. Na3 O-O 14. Bf4 Nxf4 15. Rxf4 Bf6 16. Qb3 Qd2 17. Re4 Rfe8 18. Nc4 Qd5 19.
Rxe8+ Rxe8 20. c3 h6 1/2-1/2

[Event "Kwalificatie NJK A Groningen"]
[Site "Hoogkerk, Netherlands"]
[Date "2023.02.18"]
[Round "4.6"]
[White "Bon, Gijs"]
[Black "Nitrauw, Peter"]
[Result "0-1"]
[TimeControl "55 min. + 10 sec./zet"]
[WhiteElo "1669"]
[BlackElo "1763"]

1. e4 c5 2. Nf3 Nc6 3. c3 Nf6 4. e5 Nd5 5. d4 cxd4 6. cxd4 d6 7. Bc4 Nb6 8. Bb3 dxe5 9. dxe5 Qxd1+ 10. Bxd1 g6 11. Bf4 Bg7 12. Bb3 Bf5 13. O-O O-O 14. Nc3 Bg4 15. Rfe1 Bxf3 16. gxf3 Nd4 17. Kg2 Nxb3 18. axb3 a6 19. Be3 Nd7 20. f4 Rac8 21. Nd5 Rfe8 22.
Rec1 Bf8 23. Nb6 Nxb6 24. Bxb6 f6 25. Rc4 Bg7 26. e6 f5 27. Rac1 Rxc4 28. Rxc4 Bf6 29. Rc7 Rd8 30. Rd7 Rc8 31.
Bd8 Rb8 32. Rd6 Rc8 33.
Rd7 Rc7 0-1

[Event "Kwalificatie NJK A Groningen"]
[Site "Hoogkerk, Netherlands"]
[Date "2023.02.18"]
[Round "4.7"]
[White "Adams, Oscar"]
[Black "De Vries, Arjan"]
[Result "1-0"]
[TimeControl "55 min. + 10 sec./zet"]
[WhiteElo "1729"]
[BlackElo "1645"]

1. f4 Nf6 2. Nf3 g6 3. b3 Bg7 4. Bb2 c6 5. e4 d5 6. e5 Nh5 7. g3 Bg4 8. Bg2 O-O 9. d3 Bh6 10. Qe2 d4 11. Nbd2 c5 12.
Qf2 Nc6 13. Ne4 Nxf4 14. gxf4 Bxf4 15. Qh4 Bxf3 16. Bxf3 Bxe5 17. Ng5 h5 18. Bxh5 Qd5 19. Bf3 1-0

[Event "Kwalificatie NJK A Groningen"]
[Site "Hoogkerk, Netherlands"]
[Date "2023.02.18"]
[Round "4.8"]
[White "Staal, Ryan"]
[Black "Venema, Katja"]
[Result "0-1"]
[TimeControl "55 min. + 10 sec./zet"]
[WhiteElo "1911"]
[BlackElo "1683"]

1. e4 e6 2. d4 d5 3. exd5 exd5 4. Nc3 Nf6 5. Bg5 Bb4 6. Nf3 O-O 7. a3 Bxc3+ 8. bxc3 Re8+ 9. Be2 Qe7 10.
Bxf6 Qxf6 11. O-O Bg4 12. Re1 Nd7 13. h3 Bf5 14. Qd2 Qd6 15. c4 Nf6 16. cxd5 Ne4 17. Qb4 Qxd5 18. Bc4 Qd6 19.
Ne5 Bg6 20. Nxg6 hxg6 21. Qxb7 Qxd4 22. Qb3 Qxf2+ 23. Kh2 Qf4+ 24. Kg1 Nd2 25. Rxe8+ Rxe8 26. Qb5 Qd4+ 27. Kh2 Re5 28. Qb8+ Kh7 0-1

[Event "Kwalificatie NJK A Groningen"]
[Site "Hoogkerk, Netherlands"]
[Date "2023.02.18"]
[Round "4.9"]
[White "Aarts, Joaquin"]
[Black "Lankester, Felix"]
[Result "1-0"]
[TimeControl "55 min. + 10 sec./zet"]
[WhiteElo "1804"]
[BlackElo "1600"]

1. d4 e6 2. c4 d5 3. Nc3 c6 4. cxd5 exd5 5. Qc2 Nf6 6. Bg5 Be7 7. e3 Na6 8. a3 Nc7 9. Bd3 h6 10.
Bh4 O-O 11. Nge2 b5 12. O-O Ne6 13. f3 Qb6 14. Rad1 Kh8 15. Kh1 Bd7 16. e4 dxe4 17. fxe4 Nxd4 18. Nxd4 Qxd4 19. Be2 Qe5 20.
Bxf6 gxf6 21. Rxd7 Bd6 22. g3 Rg8 23. Qd2 Rxg3 24. Qxd6 1-0

[Event "Kwalificatie NJK A Groningen"]
[Site "Hoogkerk, Netherlands"]
[Date "2023.02.18"]
[Round "4.10"]
[White "Visser, Berend"]
[Black "Smid, Jelle"]
[Result "0-1"]
[TimeControl "55 min. + 10 sec./zet"]
[WhiteElo "1525"]
[BlackElo "1920"]

1. d4 Nf6 2. g3 e6 3. Bg2 c5 4. Nf3 cxd4 5. Nxd4 Nc6 6. Nxc6 bxc6 7. O-O d5 8. c4 Be7 9. Nc3 O-O 10.
Bf4 Nd7 11. cxd5 cxd5 12. Rc1 Bb7 13. Nb5 e5 14. Be3 Nb6 15.
Nc7 Rc8 16. Bxb6 axb6 17. Nxd5 Bc5 18. Qb3 Ba6 19. Nc3 Qg5 20. Ne4 Qh6 21. Nxc5 bxc5 22. Rfe1 Bxe2 23. Qd5 c4 24. Qxe5 Rfe8 25.
Qc3 Rcd8 26. Bf1 Bd3 27. Bxd3 cxd3 28. Rxe8+ Rxe8 29. Rd1 Qa6 30. a3 Rd8 31. b4 h5 32. Qb3 d2 33. b5 Qb7 34.
Qb4 h4 35. Rxd2 Rxd2 36. Qxd2 Qxb5 37. Qd8+ Kh7 38. Qxh4+ Kg8 39. Qb4 Qd7 40. a4 Qd1+ 41. Kg2 Qd5+ 42. f3 Qa2+ 43. Kh3 Qe6+ 44.
g4 Qc6 45. Qe4 Qh6+ 46. Kg3 Qd6+ 47. Qf4 Qd1 48. Kh4 Qe1+ 49. Qg3 Qa1 50. Qf4 Qe1+ 51. Kg5 Qe7+ 52. Kh5 g6+ 0-1

[Event "Kwalificatie NJK A Groningen"]
[Site "Hoogkerk, Netherlands"]
[Date "2023.02.18"]
[Round "4.11"]
[White "Pijls, Coun"]
[Black "Jovanovic, Luka"]
[Result "0-1"]
[TimeControl "55 min. + 10 sec./zet"]
[WhiteElo "1651"]
[BlackElo "1593"]

1. d4 d5 2. Nf3 Nf6 3. c4 e6 4. g3 dxc4 5.
Bg2 Bd7 6. Ne5 Bc6 7. Nxc6 Nxc6 8. Bxc6+ bxc6 9. Qa4 Qd5 10. O-O Qb5 11. Qc2 Be7 12. Nc3 Qb6 13. Rd1 O-O 14. e4 Rfd8 15.
Be3 Ng4 16. Na4 Nxe3 17. fxe3 Qb5 18. Rac1 Bg5 19. Re1 e5 20.
Rcd1 Bxe3+ 21. Rxe3 exd4 22. Rf3 d3 23. Qf2 Qxa4 24. Rf1 Qc2 25. Qxc2 dxc2 26. R3f2 Rd4 27. Rxc2 Rxe4 28. Rfc1 Rb8 29.
b3 cxb3 30. axb3 Rxb3 31. Rxc6 g6 32. Ra6 Rb2 33. Rxa7 Ree2 34. h4 Rg2+ 35. Kf1 Rbc2 36. Rd1 0-1

[Event "Kwalificatie NJK A Groningen"]
[Site "Hoogkerk, Netherlands"]
[Date "2023.02.19"]
[Round "5.1"]
[White "Van Kuijk, Vadim"]
[Black "Moskalets, Sofia"]
[Result "0-1"]
[TimeControl "55 min. + 10 sec./zet"]
[WhiteElo "2023"]
[BlackElo "1675"]

1. e4 c6 2. d4 d5 3. e5 Bf5 4. h4 h5 5. Bg5 Qb6 6. Bd3 Bxd3 7. Qxd3 e6 8. Nd2 Ne7 9. Ne2 Nf5 10.
O-O Be7 11. Bxe7 Nxe7 12. c4 Nf5 13. g3 O-O 14. Rfb1 Nd7 15. b4 dxc4 16. Nxc4 Qd8 17. a4 b5 18. Na5 Nxe5 19. Qb3 Nxd4 20.
Nxd4 Qxd4 21. Rd1 Qe4 22. f4 Ng4 23.
Qc3 Ne3 24. Rd2 Qf3 25. Raa2 f6 26. Rf2 Qxg3+ 27. Kh1 Rad8 28. Rad2 Qxh4+ 29. Kg1 Ng4 30. Nxc6 Nxf2 31. Rxd8 Rxd8 32.
Nxd8 Nh3+ 33. Kf1 Qf2# 0-1

[Event "Kwalificatie NJK A Groningen"]
[Site "Hoogkerk, Netherlands"]
[Date "2023.02.19"]
[Round "5.2"]
[White "Knol, DaniÃ«l"]
[Black "Wierenga, JaÃ«l"]
[Result "0-1"]
[TimeControl "55 min. + 10 sec./zet"]
[WhiteElo "1807"]
[BlackElo "1879"]

1. e4 c5 2. c3 d5 3. exd5 Qxd5 4. Nf3 Nc6 5. d4 Bf5 6.
Na3 e6 7. Nb5 O-O-O 8. Be3 Nf6 9.
Be2 Qd7 10. Qa4 a6 11. Na3 cxd4 12. cxd4 Bb4+ 13. Kf1 Nd5 14. Rc1 Nb6 15. Qxb4 Nd5 16. Qc5 Nxe3+ 17. fxe3 Qc7 18. Nc4 Kb8 19.
Nce5 Rd6 20. Kf2 f6 21. Nd3 Rd5 22. Qc3 g5 23. Nb4 Rd6 24. Qb3 Ka8 25. Qa4 g4 26. Nd2 Rxd4 27. exd4 Qf4+ 28. Ke1 Nxd4 29. Bxa6 Qe3+ 30.
Be2+ Kb8 31. Qd1 g3 32. hxg3 Rg8 33. Rc3 Qe5 34. Nd3 {time} 0-1

[Event "Kwalificatie NJK A Groningen"]
[Site "Hoogkerk, Netherlands"]
[Date "2023.02.19"]
[Round "5.3"]
[White "Slagboom, Leandro"]
[Black "Nitrauw, Peter"]
[Result "1-0"]
[TimeControl "55 min. + 10 sec./zet"]
[WhiteElo "2201"]
[BlackElo "1763"]

1. e4 c5 2. Nf3 Nc6 3. d4 cxd4 4. Nxd4 e5 5. Nb5 a6 6. Nd6+ Bxd6 7. Qxd6 Qf6 8. Qd1 Qg6 9. Nc3 d5 10.
Nxd5 Qxe4+ 11. Be3 Nd4 12. Nc7+ Ke7 13. Be2 Nxc2+ 14. Kf1 Nxe3+ 15. fxe3 Rb8 16. Qb3 b5 17. Qc3 Bd7 18. Qc5+ Kd8 19.
Nxa6 Qf5+ 20. Ke1 Rb7 21. Qf8+ Be8 22. Nc5 Re7 23.
Bxb5 Qg5 24. Rd1+ Kc7 25. Bxe8 Qxe3+ 26. Kf1 Qf4+ 27. Ke2 Qc4+ 28. Nd3 e4 29. Rc1 exd3+ 30. Kf3 Qxc1 31. Rxc1+ Kb6 32.
Ba4 1-0

[Event "Kwalificatie NJK A Groningen"]
[Site "Hoogkerk, Netherlands"]
[Date "2023.02.19"]
[Round "5.4"]
[White "Alvares, Thomas"]
[Black "Adams, Oscar"]
[Result "1-0"]
[TimeControl "55 min. + 10 sec./zet"]
[WhiteElo "1855"]
[BlackElo "1729"]

1. e4 c5 2. Nf3 Nc6 3. d4 cxd4 4. Nxd4 Nf6 5. Nc3 Qa5 6. Nxc6 dxc6 7. Bd3 g6 8. O-O Bg7 9. Kh1 Be6 10.
f4 O-O-O 11. Bd2 Qb6 12. Rb1 Ng4 13. Qe2 h5 14. b4 Bd4 15. Na4 Qc7 16. Bc3 Be3 17. b5 cxb5 18. Rxb5 Bd7 19.
Rb4 f6 20. Bd2 Bxd2 21. Qxd2 g5 22. Nc5 Bf5 23. Nxb7 Bxe4 24. Rxe4 Kxb7 25. Qb4+ Qb6 26. Qxe7+ Kb8 27. Rb4 Rhe8 28.
Rxb6+ axb6 29. Qb4 Kc7 30. Rb1 Rd6 31. Qc4+ Kd8 32. h3 Ne3 33. Qc3 Nd5 34. Qa3 Rd7 35. Bb5 Re3 36. Qa8+ Ke7 37.
Bxd7 1-0

[Event "Kwalificatie NJK A Groningen"]
[Site "Hoogkerk, Netherlands"]
[Date "2023.02.19"]
[Round "5.5"]
[White "Venema, Katja"]
[Black "Den Heijer, Rolinde"]
[Result "0-1"]
[TimeControl "55 min. + 10 sec./zet"]
[WhiteElo "1683"]
[BlackElo "1831"]

1. d4 d5 2. c4 e6 3. Nf3 c5 4. cxd5 exd5 5. Bg5 Nf6 6. Nc3 Be6 7. g3 c4 8. Bg2 Nc6 9. Ne5 Be7 10.
O-O O-O 11. Bf4 Re8 12. Nb5 Nh5 13. Be3 Qa5 14. Nc3 Rad8 15. Nxc6 bxc6 16. Bd2 Qc7 17. e4 g6 18. exd5 cxd5 19.
Qa4 Nf6 20. Rfe1 Qb6 21. Red1 Bg4 22. f3 Bd7 23. Qc2 Bf5 24. Qc1 Rb8 25. Bf4 Rb7 26. Rd2 Qd8 27. Be5 Be6 28. Re2 Nd7 29.
Qd2 Nxe5 30. Rxe5 Bf6 31. Re2 Qd7 32. f4 Reb8 33. Rb1 a5 34. Kh1 Bg7 35. Rf2 Rb4 36. Nd1 Qa7 37. Ne3 Qxd4 38.
Nxd5 Rxb2 39. Rxb2 Rxb2 40. Qxd4 Bxd4 41. Rxb2 Bxb2 42. Ne7+ Kf8 43. Nc6 c3 44. Be4 Bd5 45. Bxd5 c2 0-1

[Event "Kwalificatie NJK A Groningen"]
[Site "Hoogkerk, Netherlands"]
[Date "2023.02.19"]
[Round "5.6"]
[White "Jacobs, Yanick"]
[Black "Aarts, Joaquin"]
[Result "1-0"]
[TimeControl "55 min. + 10 sec./zet"]
[WhiteElo "1652"]
[BlackElo "1804"]

1. d4 Nf6 2. Bg5 d5 3. Bxf6 gxf6 4. c4 e5 5. dxe5 Bb4+ 6. Nc3 d4 7. Qa4+ Nc6 8. O-O-O fxe5 9. e3 Bd7 10.
Nd5 Bd6 11. Qc2 Be6 12. Nf3 Bc5 13. Nxe5 Nxe5 14. exd4 c6 15. dxc5 cxd5 16. cxd5 Qg5+ 17. Qd2 Qxd2+ 18. Rxd2 Bg4 19.
f3 Nxf3 20. gxf3 Bxf3 21. Rg1 O-O-O 22. Bc4 Be4 23. b3 Rhe8 24. d6 Bg6 25. Rgd1 Re5 26. Rd5 Re3 27. Bf1 Rc3+ 28. Kb2 Rc2+ 29.
Ka3 Rxh2 30. Re1 Rh1 31. Rde5 Bd3 32. Bxd3 1-0

[Event "Kwalificatie NJK A Groningen"]
[Site "Hoogkerk, Netherlands"]
[Date "2023.02.19"]
[Round "5.7"]
[White "Van Den Berg, Leon"]
[Black "Jovanovic, Luka"]
[Result "1-0"]
[TimeControl "55 min. + 10 sec./zet"]
[WhiteElo "1766"]
[BlackElo "1593"]

1. e4 d5 2. exd5 Nf6 3. g3 Qxd5 4. Nf3 Bg4 5. Bg2 Qe4+ 6. Kf1 Nc6 7. d3 O-O-O 8. Be3 Qf5 9. Nbd2 e5 10.
Qe1 Nd4 11. Bxd4 exd4 12. h3 Bxf3 13. Nxf3 Bc5 14. b4 Rhe8 15. Qd2 Bf8 16. Kg1 h6 17. Kh2 g5 18. Rhe1 Rxe1 19. Rc1 Rd1 20. Rxd1 g4 21. Re1 Qh7 22.
Re5 Bd6 23. Nh4 Qg7 24. Rb5 c6 25. Nf5 Qg6 26. Nxd6+ Rxd6 27.
Qf4 Nd5 28. Bxd5 cxb5 29. Bxf7 Qf6 30. Qxg4+ Kb8 31. Qf4 Qxf4 32. gxf4 Rf6 33. Bd5 Rxf4 34. Kg3 Rf5 35. Bb3 b6 36.
f4 h5 37. Kf3 a5 38. Be6 Rf8 39. Ke4 Kc7 40. f5 Kd6 41. Kxd4 Rh8 42. bxa5 bxa5 43. c4 bxc4 44. dxc4 Rb8 45.
c5+ Kc6 46. Bd5+ Kd7 47. Ke5 Rb2 48. c6+ Kc7 49. f6 Re2+ 50. Be4 Rxa2 51. f7 Rf2 52. Bf5 Re2+ 53. Kf6 Kxc6 54. f8=Q Ra2 55.
Qb8 a4 56. Qb4 a3 57. Qb3 Ra1 58. Qc3+ 1-0

[Event "Kwalificatie NJK A Groningen"]
[Site "Hoogkerk, Netherlands"]
[Date "2023.02.19"]
[Round "5.8"]
[White "Smid, Jelle"]
[Black "Bon, Gijs"]
[Result "0-1"]
[TimeControl "55 min. + 10 sec./zet"]
[WhiteElo "1920"]
[BlackElo "1669"]

1. d4 Nf6 2. c4 e6 3. Nf3 d5 4. Nc3 Be7 5. Bg5 O-O 6. e3 h6 7. Bh4 b6 8. cxd5 Nxd5 9. Bxe7 Nxe7 10.
Bd3 Bb7 11. g4 Nd7 12. g5 h5 13. g6 fxg6 14. e4 e5 15. Ng5 Nc6 16. Qb3+ Kh8 17. Nf7+ Rxf7 18. Qxf7 exd4 19. Ne2 Nce5 20.
Qb3 Nc5 21. Qc2 Ncxd3+ 22. Kd2 Nf3+ 0-1

[Event "Kwalificatie NJK A Groningen"]
[Site "Hoogkerk, Netherlands"]
[Date "2023.02.19"]
[Round "5.9"]
[White "Goudriaan, Rafael"]
[Black "Bos, Eric"]
[Result "1-0"]
[TimeControl "55 min. + 10 sec./zet"]
[WhiteElo "1882"]
[BlackElo "1596"]

1. e4 c5 2. Nf3 Nc6 3. Bb5 e6 4. O-O Be7 5. c3 d5 6. exd5 exd5 7. d4 Nf6 8. Re1 O-O 9. Bg5 cxd4 10.
Nxd4 Nxd4 11. Qxd4 h6 12. Bh4 a6 13. Ba4 Be6 14. Nd2 Qc7 15. Bc2 Rfe8 16. Qd3 g6 17. Rxe6 fxe6 18. Qxg6+ Kf8 19.
Qxh6+ Kg8 20. Qg6+ Kf8 21. Bxf6 Bxf6 22. Qxf6+ Qf7 23. Qxf7+ Kxf7 24. f4 Rac8 25. Nf3 Rg8 26. Kf2 Kf6 27.
Re1 Rc6 28. h3 Rd8 29. g4 d4 30. Be4 1-0

[Event "Kwalificatie NJK A Groningen"]
[Site "Hoogkerk, Netherlands"]
[Date "2023.02.19"]
[Round "5.10"]
[White "De Vries, Arjan"]
[Black "Van Den Berg, Mees"]
[Result "1-0"]
[TimeControl "55 min. + 10 sec./zet"]
[WhiteElo "1645"]
[BlackElo "1702"]

1. e4 e5 2. Nf3 Nc6 3. Bc4 Bc5 4. c3 Nf6 5. d4 exd4 6. cxd4 Bb4+ 7. Bd2 Bxd2+ 8. Nbxd2 d5 9. exd5 Nxd5 10.
O-O O-O 11. Re1 Nb6 12. Ne5 Nxd4 13. Bxf7+ Rxf7 14. Nxf7 Kxf7 15. Qh5+ Kf8 16. Qxh7 Bf5 17. Qh5 Qf6 18. Rac1 c6 19.
Nc4 Bd3 20. Nxb6 Rd8 21. Nd7+ 1-0

[Event "Kwalificatie NJK A Groningen"]
[Site "Hoogkerk, Netherlands"]
[Date "2023.02.19"]
[Round "5.11"]
[White "Dyksinski, Patryk"]
[Black "Pijls, Coun"]
[Result "1/2-1/2"]
[TimeControl "55 min. + 10 sec./zet"]
[WhiteElo "944"]
[BlackElo "1651"]

1. e4 e5 2. Nf3 Nf6 3. d3 d5 4. Nc3 Bb4 5. Bd2 O-O 6. Nxe5 Bxc3 7. Bxc3 dxe4 8. Be2 Nbd7 9. O-O Qe7 10. Nc4 b6 11. Qd2 Bb7 12. Rfe1 Nc5 13. Bb4 b5 14. Na5 Rab8 15. Nb3 Nxb3 16. axb3 c5 17. Bc3 b4 18. Bxf6 Qxf6 19. c4 a6 20. dxe4 Rbd8 21. Qc2 Rd4 22. Bf3 Qf4 23. Rad1 Rfd8 24. Qc1 Rxd1 1/2-1/2

[Event "Kwalificatie NJK A Groningen"]
[Site "Hoogkerk, Netherlands"]
[Date "2023.02.19"]
[Round "6.1"]
[White "Moskalets, Sofia"]
[Black "Wierenga, JaÃ«l"]
[Result "1/2-1/2"]
[TimeControl "55 min. + 10 sec./zet"]
[WhiteElo "1675"]
[BlackElo "1879"]

1. d4 d5 2. Nc3 e6 3. e4 Nf6 4. Bg5 dxe4 5. Nxe4 Be7 6. Bxf6 Bxf6 7. Nf3 O-O 8. c3 Nd7 9. Bd3 b6 10.
Qe2 Bb7 11. O-O-O Rc8 12. Kb1 Qe7 13. g4 g6 14. Bc2 Rfd8 15. Rhe1 c5 16. g5 Bg7 17. h4 cxd4 18. Nxd4 Nc5 19.
f3 Ba6 20. Qh2 Qc7 21. Qxc7 Rxc7 22. f4 Nxe4 23. Bxe4 Rcd7 24. Kc2 Bxd4 25. Rxd4 Rxd4 26. cxd4 Rxd4 27. b3 Kf8 28. Kc3 Rd7 29.
h5 Bb7 30. Bxb7 1/2-1/2

[Event "Kwalificatie NJK A Groningen"]
[Site "Hoogkerk, Netherlands"]
[Date "2023.02.19"]
[Round "6.2"]
[White "Alvares, Thomas"]
[Black "Slagboom, Leandro"]
[Result "1/2-1/2"]
[TimeControl "55 min. + 10 sec./zet"]
[WhiteElo "1855"]
[BlackElo "2201"]

1. e4 c5 2. Nf3 a6 3. c3 d5 4. exd5 Qxd5 5. d4 Nc6 6. Be3 Nf6 7. Be2 cxd4 8. cxd4 e6 9. h3 Bd6 10. Nc3 Qa5 11. O-O O-O 12.
Nd2 b5 13. Bf3 Qc7 14. Rc1 Bb7 15. Nde4 Nxe4 1/2-1/2

[Event "Kwalificatie NJK A Groningen"]
[Site "Hoogkerk, Netherlands"]
[Date "2023.02.19"]
[Round "6.3"]
[White "Den Heijer, Rolinde"]
[Black "Van Kuijk, Vadim"]
[Result "1/2-1/2"]
[TimeControl "55 min. + 10 sec./zet"]
[WhiteElo "1831"]
[BlackElo "2023"]

1. e4 c6 2. d4 d5 3. f3 dxe4 4.
fxe4 e5 5. Nf3 Bg4 6. Bc4 Nd7 7. c3 Bd6 8. O-O Ngf6 9. Be3 Qe7 10. Nbd2 O-O 11. Qc2 Bh5 12. Nh4 Bg6 13. Nf5 Bxf5 14.
Rxf5 exd4 15. Bxd4 Ng4 16. Rh5 Bc5 17. Re1 g6 18. Rh3 Nde5 19. Be2 Rad8 20. Nb3 Bb6 21. Kh1 c5 22. Bg1 Qg5 23.
Rg3 Qh4 24. Bxg4 Nxg4 25. Qe2 Nf6 26. e5 Rfe8 27. Qf3 Nd7 28. Re4 Qe7 29. Qf4 f5 30. Qxf5 Qf7 31. Qg5 Bc7 32. Rf3 Qe6 33.
Rf1 b6 34. Nd2 Nxe5 35. Qe3 Qd7 36. Nf3 Ng4 37. Rxe8+ Rxe8 38. Qg5 Bd8 39. Qf4 Bc7 40. Qg5 Bd8 41. Qf4 Bc7 42. Qg5 Rf8 1/2-1/2

[Event "Kwalificatie NJK A Groningen"]
[Site "Hoogkerk, Netherlands"]
[Date "2023.02.19"]
[Round "6.4"]
[White "Jacobs, Yanick"]
[Black "Knol, DaniÃ«l"]
[Result "1/2-1/2"]
[TimeControl "55 min. + 10 sec./zet"]
[WhiteElo "1652"]
[BlackElo "1807"]

1. d4 Nf6 2. Bg5 d5 3. Bxf6 exf6 4.
e3 Bd6 5. c4 dxc4 6. Bxc4 c6 7. Nc3 Be6 8. Qb3 Bxc4 9. Qxc4 O-O 10. Nf3 Nd7 11. O-O f5 12. Rac1 Nf6 13. Rfe1 Ne4 14.
Qd3 Re8 15. h3 g5 16. Nd2 Nxd2 17. Qxd2 g4 18. hxg4 fxg4 19. e4 Qh4 20. e5 Bb4 21. Qf4 Re6 22. Re4 Rg6 23. Ne2 Be7 24.
Qg3 Qg5 25. Qf4 Qh4 26. Qg3 1/2-1/2

[Event "Kwalificatie NJK A Groningen"]
[Site "Hoogkerk, Netherlands"]
[Date "2023.02.19"]
[Round "6.5"]
[White "Bon, Gijs"]
[Black "Goudriaan, Rafael"]
[Result "0-1"]
[TimeControl "55 min. + 10 sec./zet"]
[WhiteElo "1669"]
[BlackElo "1882"]

1. e4 c6 2. d4 d5 3. e5 c5 4.
dxc5 e6 5. a3 Nc6 6. Nf3 Bxc5 7. b4 Bb6 8. Bb2 Nge7 9. Bd3 Ng6 10. O-O O-O 11. Re1 Nf4 12. Bf1 f6 13. exf6 gxf6 14.
g3 Ng6 15. c4 dxc4 16. Qxd8 Rxd8 17. Bxc4 Kf7 18. Nbd2 Nd4 19. Nxd4 Bxd4 20. Bxd4 Rxd4 21. Red1 Ne5 22. Be2 Nc6 23. Nb3 Rxd1+ 24. Rxd1 Ke7 25.
b5 Nd8 26. Nc5 b6 27. Bf3 Rb8 28. Nd3 Bb7 29. Kg2 Bxf3+ 30. Kxf3 Rc8 31. Rc1 Rxc1 32. Nxc1 Kd6 33. a4 Kc5 34. Nd3+ Kc4 35. Ke3 Nb7 36.
f4 Kb3 37. Kd4 Kxa4 38. f5 exf5 39. Kd5 Kxb5 40. Ke6 Nc5+ 0-1

[Event "Kwalificatie NJK A Groningen"]
[Site "Hoogkerk, Netherlands"]
[Date "2023.02.19"]
[Round "6.6"]
[White "Lee, Jungbin"]
[Black "Van Den Berg, Leon"]
[Result "0-1"]
[TimeControl "55 min. + 10 sec./zet"]
[WhiteElo "1640"]
[BlackElo "1766"]

1. d4 c5 2. d5 e5 3. e4 Nf6 4. Bd3 a6 5. c4 d6 6. Nc3 Be7 7. Nge2 h5 8. f3 h4 9. Be3 Nh5 10.
Qd2 g5 11. g3 Ng7 12. O-O-O f5 13. exf5 Nxf5 14. Bxf5 Bxf5 15. gxh4 Rxh4 16. Rdg1 g4 17. fxg4 Bg6 18. Ng3 Rxg4 19.
h3 Rxc4 20. b3 Rb4 21. Nf5 Bxf5 22. Rg8+ Bf8 23. Bh6 Nd7 24. Rf1 Qe7 25. Rxf5 O-O-O 26. Bg5 Qh7 27. Bxd8 Qxg8 28. Ba5 Rd4 29.
Qf2 Bh6+ 30. Kb1 b6 31. Bxb6 Nxb6 32. Rf6 Rf4 33. Rxf4 Bxf4 34. Qh4 Qg1+ 35. Kc2 Qc1+ 36. Kd3 Qe3+ 37.
Kc2 Qd2+ 0-1